 Dungeon Crawl Stone Soup version 0.29.0-11-gd7f09526c8 (webtiles) character file.

Game seed: 5989497497491582624

321 greasedhog the Cudgeller (level 7, 0/61 HPs)
             Began as a Meteoran Berserker on Sept 6, 2022.
             Was a Believer of Trog.
             Slain by a black bear (5 damage)
             ... on level 5 of the Dungeon.
             The game lasted 00:06:17 (1209 turns).

greasedhog the Cudgeller (Meteoran Berserker)       Turns: 1209, Time: 00:06:18

Health: 0/61       AC:  7    Str: 24    XL:     7   Next: 5%
Magic:  8/8        EV: 12    Int:  7    God:    Trog [**....]
Gold:   161        SH:  0    Dex: 16    Spells: 6/6 levels left

rFire   . . .      SeeInvis .   a - +0 mace
rCold   . . .      Faith    .   (no shield)
rNeg    . . .      Spirit   .   l - +0 leather armour
rPois   .          Reflect  .   q - +0 helmet
rElec   .          Harm     .   e - +0 cloak
rCorr   .          Rampage  .   c - +0 pair of gloves {hurl}
Will    .....                   (no boots)
Stlth   +.........              (no amulet)
HPRegen 0.20/turn               (no ring)
MPRegen 0.11/turn               (no ring)

@: on berserk cooldown, slowed, glowing, very slow
A: sense surroundings 1, otherworldly, glowing, explore regen, agile 1, strong 1
a: Renounce Religion, Berserk, Trog's Hand


You were on level 5 of the Dungeon.
You worshipped Trog.
Trog was pleased with you.
You visited 1 branch of the dungeon, and saw 5 of its levels.
You also visited: Sewer.

You collected 161 gold pieces.

Inventory:

Hand Weapons
 a - a +0 mace (weapon)
Armour
 c - a +0 pair of gloves of hurling (worn)
 e - a +0 cloak (worn)
 l - a +0 leather armour (worn)
 q - a +0 helmet (worn)
Jewellery
 d - a ring of fire
Wands
 o - a wand of flame (20)
Scrolls
 g - a scroll of vulnerability
 k - 3 scrolls of poison
Potions
 h - a potion of attraction
 m - a potion of berserk rage


   Skills:
 - Level 5.0 Fighting
 * Level 7.1 Maces & Flails
 * Level 4.1 Armour
 - Level 2.4 Dodging


You had 6 spell levels left.
You didn't know any spells.
Your spell library was empty.

Dungeon Overview and Level Annotations

Branches:
Dungeon (5/15) Zot: 1813    Sewer (visited)
 Temple: D:4-7

Altars:
Nemelex Xobeh


Innate Abilities, Weirdness & Mutations

You passively map a small area around you.
You are easily found by Zot.
You glow in the dark.
You regain HP and MP as you explore.
You are agile. (Dex +4, Str/Int -1)
Your muscles are strong. (Str +4, Int/Dex -1)


Message History

As you read the scroll of teleportation, it crumbles to dust.
You feel strangely unstable.
You feel sick.
You are no longer poisoned.
The black bear bites you but does no damage.
The black bear claws you. The black bear barely misses you.
The black bear completely misses you. The black bear closely misses you.
The black bear claws you but does no damage.
You hit the black bear but do no damage.
The black bear bites you but does no damage.
The black bear claws you. The black bear barely misses you.
You hit the black bear.
The black bear is lightly wounded.
Your surroundings seem slightly different.
The black bear barely misses you. The black bear claws you.
The black bear claws you but does no damage.
You sock the black bear!
The black bear is severely wounded.
The black bear bites you.
The black bear claws you but does no damage. x2
The black bear barely misses you. x2; The black bear claws you.
You completely miss the black bear.
The black bear is severely wounded.
The black bear closely misses you. The black bear completely misses you.
The black bear claws you.
You hit the black bear.
The black bear is severely wounded.
The black bear goes berserk!
The black bear bites you. The black bear claws you.
The black bear closely misses you.
You sock the black bear!
The black bear is almost dead.
The black bear bites you!
* * * LOW HITPOINT WARNING * * *
The black bear claws you.
* * * LOW HITPOINT WARNING * * *
The black bear claws you but does no damage.
The black bear bites you!
* * * LOW HITPOINT WARNING * * *
The black bear claws you but does no damage.
The black bear claws you.
You die...

* , ~ *
##*+**### ***
*#. #.# * , #.*
* #.# ,, #. ,
#.######## ,
#.#+#+#........#
,
+.@.......####.#
##h.......# #.#
, #........# #.#
..........†...#
#.#
....#.........#
#.# ,
*###*#.........#
#.# * *
#.........# #.#
* #.........#
#.# ,
#.........# #.#


You could see a black bear (berserk).

Vanquished Creatures
  Pargi (Sewer)
  An ogre (D:4)
  A scorpion (D:5)
  Robin (D:4)
  2 adders
  2 dart slugs (D:2)
  2 orcs
  A ball python (D:3)
  3 endoplasms
  3 giant cockroaches (D:3)
  12 goblins
  4 hobgoblins
  3 kobolds (D:3)
  4 quokkas
  4 bats (Sewer)
  2 frilled lizards
  3 rats
49 creatures vanquished.

Notes
Turn   | Place    | Note
-------+----------+-------------------------------------------
     0 | D:1      | greasedhog the Meteoran Berserker began the quest for the
                  | Orb.
     0 | D:1      | Reached XP level 1. HP: 19/19 MP: 2/2
   150 | D:1      | Reached XP level 2. HP: 23/26 MP: 3/3
   187 | D:2      | Found a faded altar of an unknown god.
   307 | D:2      | Reached XP level 3. HP: 33/33 MP: 4/4
   451 | D:3      | Found a glowing drain.
   469 | D:3      | Reached skill level 5 in Maces & Flails
   486 | Sewer    | Entered a sewer
   490 | Sewer    | Reached ** piety under Trog
   500 | Sewer    | Reached XP level 4. HP: 26/40 MP: 5/5
   517 | Sewer    | Noticed Pargi
   539 | Sewer    | Killed Pargi
   540 | Sewer    | Reached skill level 5 in Fighting
   540 | Sewer    | Reached skill level 6 in Maces & Flails
   540 | Sewer    | Reached XP level 5. HP: 43/48 MP: 6/6
   732 | D:4      | Found a transporter.
   759 | D:4      | Found a transporter.
   964 | D:5      | Entered Level 5 of the Dungeon
   964 | D:5      | Noticed a lemure
   964 | D:5      | Noticed a lemure
   964 | D:5      | Noticed a lemure
   964 | D:5      | Noticed a lemure
   964 | D:5      | Found a sparkling altar of Nemelex Xobeh.
  1039 | D:4      | Noticed Robin
  1039 | D:4      | Noticed an ogre
  1049 | D:4      | Reached XP level 6. HP: 49/56 MP: 7/7
  1065 | D:4      | Killed an ogre
  1080 | D:4      | Killed Robin
  1102 | D:4      | Gained mutation: Your muscles are strong. (Str +4, Int/Dex
                  | -1) [potion of mutation]
  1102 | D:4      | Gained mutation: You are agile. (Dex +4, Str/Int -1)
                  | [potion of mutation]
  1198 | D:5      | Reached skill level 7 in Maces & Flails
  1198 | D:5      | Reached XP level 7. HP: 61/61 MP: 8/8
  1209 | D:5      | Slain by a black bear

Illustrated notes

Levels and vault maps discovered:
D:1:      dpeg_arrival_ratfight, layout_basic
D:2:      layout_loops_ring, hellmonk_ecumenical_altar_blasted
D:3:      layout_loops_ring, chei_slow_surprise, gup_sewer_entry_pipe
D:4:      gammafunk_wand_slinger, layout_loops_corners, lemuel_old_faithful,
          uniq_robin, uniq_menkaure, uniq_crazy_yiuf_cottage
D:5:      layout_basic, lemuel_crystal_altar, eat_drink_and_be_merry_uskayaw,
          dk_vineyard_1, corexii_shack, uniq_grinder, uniq_sigmund, uniq_pikel

Skill      XL: |  1  2  3  4  5  6 |
---------------+-------------------+-----
Fighting       | 4 5 |  5.0
Maces & Flails | 5 6 7 |  7.1
Armour         | 4 |  4.1
Dodging        | |  2.4

Action                   |  1- 3 |  4- 6 |  7- 9 || total
-------------------------+-------+-------+-------++-------
Melee: Mace              |   104 |    88 |     6 ||   198
       Punch             |     1 |       |       ||     1
Invok: Berserk           |     1 |     3 |       ||     4
       Trog's Hand       |       |     1 |       ||     1
  Use: Scroll            |     2 |     4 |     1 ||     7
       Potion            |     1 |     5 |       ||     6
Armor: Animal skin       |    14 |       |       ||    14
       Leather armour    |    28 |    58 |     8 ||    94
Dodge: Dodged            |    43 |    54 |    10 ||   107
